Map: Lost and Found LE

Players

mhaley - Winner!

  • Race: Protoss Protoss
  • League: Gold
  • Spawn Location: 1:00

RowlMan

  • Race: Terran Terran
  • League: Platinum
  • Spawn Location: 7:00

VOD

Have the link to the VOD?

Description

ICYFAR Challenge

Time

  • Played on: May 29, 2018, 11:56 p.m.
  • Length: 24:41
Show
View Real Time Build Order
Export as new Build Order

mhaley Protoss - Winner!

Build Orders:  

Get SALT Encoding   

  12  0:11  Probe  
  13  0:22  Pylon  
  13  0:23  Probe  
  14  0:40  Probe  
  14  0:43  Gateway  
  14  0:48  Probe  
  16  0:58  Probe  
  16  1:03  Assimilator  
  17  1:08  Probe  
  18  1:16  Probe  
  18  1:24  Probe  
  20  1:33  Cybernetics Core  
  20  1:36  Probe  
  21  1:48  Probe  
  22  2:09  Probe  
  22  2:14  Warp Gate  
  23  2:20  Pylon  
  23  2:29  Stalker  
  22  2:56  Stalker  
  19  3:38  Nexus  
  17  3:53  Probe  
  14  4:05  Probe  
  15  4:14  Gateway  
  15  4:16  Gateway  
  14  4:17  Probe  
  14  4:19  Zealot  
  14  4:36  Zealot  
  16  4:49  Probe  
  15  5:01  Probe, Pylon  
  16  5:11  Probe  
  17  5:19  Probe  
  17  5:24  Stalker x2  
  17  5:28  Probe  
  23  5:39  Pylon  
  23  5:40  Probe  
  23  5:41  Gateway  
  24  5:43  Gateway  
  24  5:52  Probe  
  24  5:58  Cybernetics Core  
  24  6:00  Pylon  
  24  6:01  Assimilator  
  24  6:04  Probe  
  25  6:12  Probe  
  26  6:20  Probe  
  23  7:04  Stalker x2  
  27  7:13  Shield Battery, Nexus  
  27  7:37  Twilight Council  
  27  7:38  Pylon  
  27  7:48  Stalker  
  27  7:49  Stalker  
  31  8:05  Pylon  
  31  8:25  Templar Archives  
  31  8:35  Stalker  
  31  8:36  Stalker  
  18  9:00  Zealot x2  
  18  9:26  Probe  
  19  9:37  Probe  
  19  9:41  Pylon  
  19  9:45  Probe  
  20  9:52  Zealot x2  
  25  9:53  Probe  
  25  9:56  Assimilator  
  25  9:59  Probe  
  26  10:01  Probe  
  28  10:07  Probe  
  28  10:11  Probe  
  28  10:12  Zealot x2  
  34  10:22  Probe  
  35  10:30  Dark Shrine, Probe  
  36  10:36  Probe  
  36  10:38  Probe  
  38  10:46  Pylon  
  38  10:48  Probe  
  38  10:49  Probe  
  39  10:50  Cybernetics Core  
  40  11:00  Probe  
  40  11:01  Probe  
  42  11:08  Probe  
  42  11:09  Gateway  
  42  11:13  Probe  
  42  11:15  Gateway  
  42  11:17  Gateway  
  43  11:28  Protoss Air Weapons Level 1  
  40  11:44  Assimilator  
  40  11:54  Pylon  
  36  12:21  Shadow Stride  
  36  12:22  Dark Templar  
  36  12:25  Dark Templar  
  36  12:41  Dark Templar  
  38  12:55  Gateway  
  38  12:56  Gateway  
  38  12:59  Forge  
  38  13:01  Pylon  
  38  13:24  Protoss Ground Weapons Level 1  
  38  13:27  Nexus  
  38  13:43  Photon Cannon  
  38  13:45  Photon Cannon  
  38  14:07  Pylon, Robotics Facility  
  38  14:10  Gateway  
  38  14:14  Gateway, Photon Cannon  
  38  14:23  Dark Templar x2  
  36  14:38  Zealot x3  
  34  15:07  Stalker  
  34  15:09  Dark Templar  
  38  15:23  Probe  
  39  15:35  Probe  
  39  15:42  Immortal  
  44  15:44  Dark Templar  
  44  15:45  Probe  
  47  15:53  Probe  
  48  16:02  Probe  
  49  16:14  Probe  
  44  16:26  Probe  
  44  16:27  Pylon  
  44  16:30  Pylon  
  43  16:34  Observer  
  41  16:46  Dark Templar x2  
  45  17:01  Stalker  
  45  17:02  Stalker  
  45  17:04  Archon  
  49  17:16  Photon Cannon  
  49  17:18  Photon Cannon  
  49  17:25  Shield Battery  
  49  17:38  Pylon  
  42  17:56  Stalker x2  
  42  17:57  Stalker x2  
  47  18:02  Observer  
  48  18:38  Gateway  
  48  18:41  Pylon  
  48  18:49  Immortal  
  48  18:59  Nexus  
  48  19:01  Pylon  
  48  19:02  Pylon  
  52  19:24  Observer  
  52  19:26  Gateway x2  
  52  19:27  Gateway  
  52  19:29  Observer  
  52  19:30  Photon Cannon  
  53  19:35  Photon Cannon  
  53  19:38  Pylon  
  53  19:48  Observer  
  47  20:00  Dark Templar  
  47  20:01  Dark Templar x3  
  55  20:17  Probe  
  56  20:22  Probe  
  57  20:29  Probe  
  57  20:34  Probe  
  57  20:35  Assimilator  
  59  20:40  Pylon  
  59  20:41  Probe  
  60  20:43  Immortal, Pylon  
  60  20:46  Probe  
  61  20:53  Probe  
  66  20:58  Observer  
  66  21:05  Probe  
  67  21:12  Photon Cannon  
  67  21:14  Photon Cannon  
  66  21:22  Immortal  
  70  21:28  Stalker x4  
  78  21:58  Adept x4  
  78  21:59  Adept x3  
  92  22:02  Observer  
  85  22:39  Nexus  
  85  22:43  Photon Cannon  
  83  22:44  Pylon  
  83  22:45  Photon Cannon  
  83  22:48  Photon Cannon  
  83  22:49  Gateway  
  83  23:20  Observer  
  83  23:25  Probe  
  84  23:29  Assimilator  
  84  23:37  Probe  
  84  23:38  Gateway  
  85  23:42  Observer  
  85  23:43  Photon Cannon  
  85  23:45  Photon Cannon  
  85  23:49  Probe  
  87  24:02  Observer  
Show
View Real Time Build Order
Export as new Build Order

RowlMan Terran 

Build Orders:  

Get SALT Encoding   

  12  0:02  SCV  
  13  0:18  Supply Depot  
  13  0:23  Refinery  
  13  0:26  SCV  
  14  0:39  SCV  
  15  0:53  Barracks  
  15  0:55  SCV  
  16  1:06  Refinery  
  16  1:07  SCV  
  17  1:36  SCV  
  18  1:43  Marine  
  19  1:50  Bunker  
  19  1:56  Factory  
  19  2:00  Marine  
  20  2:35  Bunker  
  20  2:43  Marine  
  21  3:01  Marine  
  20  3:15  Factory Tech Lab  
  20  3:19  Marine  
  20  3:35  Siege Tank  
  23  3:49  Bunker  
  23  4:43  Cyclone  
  23  4:59  Bunker  
  23  5:08  Orbital Command  
  23  5:13  Supply Depot  
  23  5:14  Supply Depot  
  23  5:18  Supply Depot  
  23  5:23  Command Center  
  23  5:34  Marine  
  23  5:35  Bunker  
  24  5:52  Marine  
  25  6:11  Starport  
  25  6:13  Factory Tech Lab  
  25  6:15  Starport  
  22  6:51  Cyclone  
  25  7:23  Cyclone  
  28  7:55  Cyclone  
  27  8:27  Siege Tank  
  28  8:42  Barracks Reactor  
  22  8:59  Siege Tank  
  20  9:24  Marine x2  
  22  9:32  Cyclone  
  22  9:36  Starport Reactor x2  
  25  9:42  Marine x2  
  27  10:39  Viking x3  
  27  10:40  Viking  
  35  10:58  Orbital Command  
  35  11:03  Refinery  
  35  11:09  Viking x3  
  35  11:10  Viking  
  43  11:14  Refinery  
  43  11:39  Viking x3  
  37  12:50  Starport Tech Lab  
  37  12:56  Engineering Bay  
  37  12:57  Starport Tech Lab  
  37  13:03  Starport, Marine x2  
  39  13:20  Marine  
  39  13:21  Marine  
  39  13:23  Raven x2  
  44  13:39  Orbital Command  
  39  14:06  Raven x2  
  16  15:26  Banshee  
  22  15:30  Banshee  
  22  15:46  Siege Tank  
  22  15:48  Marine x2  
  27  15:54  Orbital Command  
  27  16:06  Marine  
  28  16:54  Marine  
  28  16:55  Marine  
  30  17:12  Marine x2  
  32  17:30  Marine x2  
  34  17:47  Marine  
  27  18:24  Command Center  
  27  18:37  Marine x2  
  27  18:40  Siege Tank  
  32  18:42  SCV  
  32  18:48  SCV  
  34  18:54  SCV  
  34  18:55  Marine x2  
  36  19:00  SCV  
  38  19:04  Banshee  
  38  19:07  SCV  
  42  19:13  Refinery, Marine x2  
  42  19:16  Refinery  
  44  19:30  Marine  
  44  19:31  Marine  
  32  20:05  Cyclone  
  35  20:07  Marine  
  35  20:08  Marine  
  37  20:20  SCV  
  38  20:23  SCV  
  38  20:25  Marine  
  38  20:26  Marine  
  41  20:32  Refinery, SCV  
  42  20:36  SCV  
  42  20:41  Refinery  
  43  20:43  Marine  
  43  20:44  SCV  
  43  20:48  SCV  
  46  20:50  Raven  
  46  20:56  SCV  
  49  21:00  SCV  
  49  21:01  Siege Tank  
  53  21:08  SCV  
  51  22:03  Marine x2  
  39  22:21  Marine x2  
  24  23:05  Fusion Core  
Tags
 
Add a new tag
Caveats
  • Supply blocks, unpowered buildings, or Contaminate may cause inaccurate times.
  • Supply counts are checked every 10 seconds.